 Dungeon Crawl Stone Soup version 0.18.1-50-g88ac8fd (webtiles) character file.

65 scaileanna the Grave Robber (level 4, -7/34 HPs)
             Began as a Ghoul Necromancer on Apr 14, 2017.
             Mangled by kinglyoko66's ghost (10 damage)
             ... on level 3 of the Dungeon.
             The game lasted 00:10:30 (1976 turns).

scaileanna the Grave Robber (Ghoul Necromancer)     Turns: 1976, Time: 00:10:30

Health: -7/34      AC:  7    Str: 11    XL:     4   Next: 14%
Magic:  6/6        EV: 12    Int: 11    God:
Gold:   79         SH:  0    Dex:  9    Spells: 2 memorised, 5 levels left

rFire  . . .     SeeInvis .     m - +0 club
rCold  + . .     Gourm    .     r - +0 robe
rNeg   + + +     Faith    .     (no shield)
rPois  ∞         Spirit   .     e - +0 helmet
rElec  .         Dismiss  .     d - +0 cloak (curse)
rCorr  .         Reflect  .     i - +2 pair of gloves
SustAt .         Harm     .     (no boots)
MR     .....                    (no amulet)
Stlth  ++........               (no ring)
                                (no ring)

@: rotting, not resistant to hostile enchantments, unstealthy
A: rotting body, claws 1, carnivore 3, cold resistance 1, negative energy
resistance 3, slow regeneration 1, torment resistance, unbreathing
a: no special abilities


You were on level 3 of the Dungeon.
You were not hungry.

You visited 1 branch of the dungeon, and saw 3 of its levels.

You collected 79 gold pieces.

Inventory:

Hand Weapons
 f - a +0 short sword
 m - a +0 club (weapon)
 n - a +0 dagger
 s - a +0 hunting sling
Missiles
 o - 14 arrows
Armour
 a - a +0 robe
 d - a cursed +0 cloak (worn)
 e - a +0 helmet (worn)
 g - a +0 ring mail
 i - a +2 pair of gloves (worn)
 r - a +0 robe (worn)
 u - a +1 pair of gloves
Scrolls
 j - 2 scrolls of recharging {unknown}
 k - a scroll of amnesia {unknown}
 l - a scroll of teleportation {unknown}
Potions
 h - a potion of degeneration {unknown}
 p - a potion of heal wounds {unknown}
 t - a potion of flight {unknown}
Books
 b - a book of Necromancy

   Spells                             Type                      Level
   a - Pain                           Necromancy                   1
   b - Animate Skeleton               Necromancy                   1
   c - Vampiric Draining              Necromancy                   3
   d - Regeneration                   Charms/Necromancy            3
   e - Animate Dead                   Necromancy                   4
   f - Control Undead                 Necromancy                   4
Comestibles
 c - 3 chunks of flesh
 q - 2 meat rations


   Skills:
 + Level 0.4 Fighting
 + Level 0.5 Maces & Flails
 + Level 2.4 Dodging
 + Level 2.7 Stealth
 + Level 0.4 Unarmed Combat
 + Level 2.0 Spellcasting
 + Level 4.5 Necromancy


You had 5 spell levels left.
You knew the following spells:

 Your Spells              Type           Power        Failure   Level  Hunger
a - Pain                  Necr           ##..         4%          1    ##.....
b - Animate Skeleton      Necr           N/A          4%          1    ##.....


Dungeon Overview and Level Annotations

Branches:
Dungeon (3/15)

Altars:

Annotations:
D:3 kinglyoko66's ghost, amateur MiFi


Innate Abilities, Weirdness & Mutations

Your body is rotting away.
You thrive on raw meat.
You are immune to poison.
You have sharp fingernails.
You are carnivorous and can eat meat at any time.
Your flesh is cold resistant.
You are immune to negative energy.
You regenerate slowly when monsters are visible.
You are immune to unholy pain and torment.
You can survive without breathing.


Message History

You hit kinglyoko66's ghost but do no damage.
Kinglyoko66's ghost misses you.
You hit kinglyoko66's ghost.
Kinglyoko66's ghost is lightly damaged.
Kinglyoko66's ghost closely misses you.
You hit kinglyoko66's ghost.
Kinglyoko66's ghost is lightly damaged.
Kinglyoko66's ghost misses you.
You closely miss kinglyoko66's ghost.
Kinglyoko66's ghost is lightly damaged.
Kinglyoko66's ghost hits you! x2
* * * LOW HITPOINT WARNING * * *
You hit kinglyoko66's ghost but do no damage.
Kinglyoko66's ghost is lightly damaged.
Kinglyoko66's ghost screams, "There is no future for me!"
Kinglyoko66's ghost closely misses you.
You hit kinglyoko66's ghost.
Kinglyoko66's ghost is moderately damaged.
Kinglyoko66's ghost hits you!
You die...

# ############.#
#...........
########>####.##.# ##
#....(.†.@W......####..+
..........#.............+
###########.##.#..##.####
#.##.#..##.######
#.#.............#
#..###.....####.# #.#
##.##.# #.. .## ##.#.# #<
#. .#.#####.


You could see kinglyoko66's ghost.

Vanquished Creatures
  A howler monkey zombie (D:3)
  An adder (D:2)
  4 dart slugs
  2 giant geckos
  3 bats (D:2)
  2 giant cockroaches
  6 goblins
  2 hobgoblins (D:2)
  2 kobolds (D:2)
  2 quokkas
  3 giant newts
  A rat (D:1)
29 creatures vanquished.

Vanquished Creatures (collateral kills)
  An ooze (D:2)
  A dart slug (D:2)
  A bat (D:2)
  A rat (D:2)
4 creatures vanquished.

Grand Total: 33 creatures vanquished

Notes
Turn   | Place    | Note
--------------------------------------------------------------
     0 | D:1      | scaileanna the Ghoul Necromancer began the quest for the Orb.
     0 | D:1      | Reached XP level 1. HP: 14/14 MP: 2/2
    44 | D:1      | Learned a level 1 spell: Animate Skeleton
   234 | D:1      | Reached XP level 2. HP: 18/19 MP: 3/3
   723 | D:2      | Reached XP level 3. HP: 23/26 MP: 4/4
  1399 | D:2      | HP: 1/26 [adder (4)]
  1882 | D:3      | Reached XP level 4. HP: 29/34 MP: 4/6
  1962 | D:3      | Noticed kinglyoko66's ghost (amateur MiFi)
  1976 | D:3      | Mangled by kinglyoko66's ghost

Skill      XL: |  1  2  3 |
---------------+----------+-----
Dodging        | 2 |  2.4
Spellcasting   | 2 |  2.0
Fighting       | |  0.4
Maces & Flails | |  0.5
Stealth        | |  2.7
Unarmed Combat | |  0.4
Necromancy     | |  4.5

Action                   |  1- 3 |  4- 6 || total
-------------------------+-------+-------++-------
Melee: Unarmed           |    77 |       ||    77
       Short sword       |    21 |       ||    21
       Club              |    91 |    15 ||   106
 Cast: Animate Skeleton  |     9 |       ||     9
 Stab: Sleeping          |     4 |       ||     4
       Distracted        |     1 |       ||     1
  Eat: Chunk             |     8 |       ||     8
       Meat ration       |     1 |       ||     1
       Beef jerky        |     1 |       ||     1
Armor: Robe              |    86 |     1 ||    87
Dodge: Dodged            |   164 |    14 ||   178
